 Dungeon Crawl Stone Soup version 0.28.0-43-g3370ac3207 (webtiles) character file.

Game seed: 16054338597400156133

16278 Gabide the Thaumaturge (level 12, -9/92 HPs)
             Began as a Mummy Necromancer on Mar 16, 2022.
             Was a Believer of Ashenzari.
             Killed from afar by an orc sorcerer (52 damage)
             ... with a bolt of fire
             ... on level 1 of the Orcish Mines.
             The game lasted 01:16:50 (26293 turns).

Gabide the Thaumaturge (Mummy Necromancer)         Turns: 26293, Time: 01:16:51

Health: -9/92      AC:  6    Str: 11    XL:     12   Next: 8%
Magic:  18/31      EV: 16    Int: 20    God:    Ashenzari [**....]
Gold:   573        SH:  5    Dex: 18    Spells: 13/42 levels left

rFire   x . .      SeeInvis +   f - +8 quarterstaff of Wu Jian's Inspiration {speed, Dex+6}
rCold   + . .      Faith    .   (shield currently unavailable)
rNeg    + + +      Spirit   .   a - +0 robe of Supernal Knowledge {Comp, Bglg} (curse)
rPois   ∞          Reflect  +   (no helmet)
rElec   .          Harm     .   y - +2 cloak of Star-Bound Wisdom {rCorr, Cun, Bglg} (curse)
rCorr   +          Rampage  .   d - +0 pair of gloves of Supernal Knowledge {Alch, Elem} (curse)
Will    +....                   (no boots)
Stlth   +++.......              g - amulet of reflection
HPRegen 0.25/turn               e - ring of Ashenzari's Fanaticism {Wiz, Fort, Self} (curse)
MPRegen 0.22/turn               v - ring of wizardry

@: no status effects
A: cold resistance 1, negative energy resistance 3, torment resistance 2, heat
vulnerability 1, no potions
a: Renounce Religion, Curse Item, Shatter the Chains


You were on level 1 of the Orcish Mines.
You worshipped Ashenzari.
Ashenzari was pleased with you.
You visited 3 branches of the dungeon, and saw 14 of its levels.

You collected 870 gold pieces.
You spent 297 gold pieces at shops.

Inventory:

Hand Weapons
 f - the +8 quarterstaff of Wu Jian's Inspiration (weapon) {speed, Dex+6}
   (You found it on level 5 of the Dungeon)

   Attacks with this weapon are significantly faster.
   Dex:       It affects your dexterity (+6).
 i - a +1 dagger of draining
 A - a +4 vorpal dagger
Missiles
 n - 2 throwing nets (quivered)
Armour
 a - the cursed +0 robe of Supernal Knowledge (worn) {Comp, Bglg}

   It has a curse which improves the following skills: Companions: Summonings
   and Necromancy.
   Beguiling: Conjurations, Hexes and Translocations.
 b - the +3 hat of Pondering {ponderous, Will+ MP+10 Int+5}
   (You took it off Gastronok on level 8 of the Dungeon)

   Int:       It affects your intelligence (+5).
   MP:        It affects your magic capacity (+10).
   Will:      It increases your willpower.
 d - the cursed +0 pair of gloves of Supernal Knowledge (worn) {Alch, Elem}
   (You found it on level 1 of the Dungeon)

   It has a curse which improves the following skills: Alchemy: Poison Magic and
   Transmutations.
   Elements:  Fire Magic, Ice Magic, Air Magic and Earth Magic.
 j - a scarf of harm
 p - a +0 animal skin
 y - the cursed +2 cloak of Star-Bound Wisdom (worn) {rCorr, Cun, Bglg}
   (You bought it in a shop on level 11 of the Dungeon)

   It has a curse which improves the following skills: Cunning: Dodging and
   Stealth.
   Beguiling: Conjurations, Hexes and Translocations.
Jewellery
 e - the cursed ring of Ashenzari's Fanaticism (left hand) {Wiz, Fort, Self}
   (You found it on level 4 of the Dungeon)

   [ring of wizardry]

   It improves your spell success rate.
   It has a curse which improves the following skills: Fortitude: Armour and
   Shields.
   Introspection: Fighting and Spellcasting.
 g - an amulet of reflection (around neck)
 m - a ring of flight
 v - a ring of wizardry (right hand)
Wands
 x - a wand of charming (5)
Scrolls
 c - 3 scrolls of immolation
 h - 4 scrolls of noise
 l - a scroll of fog
 o - 3 scrolls of amnesia
 q - 2 scrolls of enchant armour
 r - 2 scrolls of teleportation
 s - a scroll of silence
 t - a scroll of enchant weapon
 u - 2 scrolls of magic mapping
 z - a scroll of fear


   Skills:
 * Level 6.8(8.1) Fighting
 - Level 1.1 Short Blades
 + Level 3.0 Staves
 * Level 5.7(7.0) Dodging
 + Level 2.6(3.7) Stealth
 + Level 1.3(2.2) Shields
 + Level 0.1 Unarmed Combat
 * Level 14.3(15.5) Spellcasting
 + Level 0.6(1.5) Hexes
 * Level 12.2(13.3) Necromancy


You had 13 spell levels left.
You knew the following spells:

 Your Spells              Type           Power      Damage    Failure   Level
a - Pain                  Necr           100%       1d9       0%          1
b - Vampiric Draining     Necr           62%        2d10      1%          3
c - Animate Dead          Necr           31%        N/A       1%          4
d - Anguish               Hex/Necr       22%        N/A       1%          4
e - Agony                 Necr           62%        N/A       1%          5
f - Corpse Rot            Necr/Air       84%        N/A       1%          2
g - Dispel Undead         Necr           62%        3d22      1%          4
h - Death Channel         Necr           31%        N/A       1%          6

Your spell library contained the following spells:

 Spells                   Type           Power      Damage    Failure   Level
 Animate Skeleton         Necr           100%       N/A       0%          1
 Foxfire                  Conj/Fire      64%        2x1d7     1%          1
 Sandblast                Erth           32%        2d9       1%          1
 Ensorcelled Hibernation  Hex/Ice        36%        N/A       1%          2
 Passwall                 Tmut/Erth      13%        N/A       1%          2
 Inner Flame              Hex/Fire       18%        N/A       2%          3
 Conjure Flame            Conj/Fire      16%        6-21      3%          3
 Ignite Poison            Fire/Tmut/Pois 16%        N/A       3%          3
 Mephitic Cloud           Conj/Pois/Air  16%        N/A       3%          3
 Stone Arrow              Conj/Erth      32%        3d9       3%          3
 Flame Wave               Conj/Fire      16%        2d6       11%         4
 Freezing Cloud           Conj/Ice/Air   8%         6-21      26%         5
 Spider Form              Tmut/Pois      Unusable   N/A       N/A         3

Dungeon Overview and Level Annotations

Branches:
Dungeon (12/15)            Temple (1/1) D:4            Lair (0/6) D:8
    Orc (1/2) D:12

Altars:
Ashenzari
Cheibriados
Dithmenos
Elyvilon
Fedhas
Gozag
Hepliaklqana
Kikubaaqudgha
Makhleb
Nemelex Xobeh
Okawaru
Qazlal
Ru
Sif Muna
Trog
Uskayaw
Vehumet
Wu Jian
Xom
Yredelemnul
Zin
The Shining One

Shops:
D:5 (   D:11 *   D:12 [(

Annotations:
D:8 1 transporter


Innate Abilities, Weirdness & Mutations

You are immune to poison.
Your flesh is cold resistant. (rC+)
You are immune to negative energy. (rN+++)
You are immune to unholy pain and torment.
You are vulnerable to heat. (rF-)
You do not drink.


Message History

Unknown command.
The orc sorcerer casts a spell at you. The bolt of fire hits you!!!
The fire burns you terribly!
Ouch! That really hurt!
Casting: Vampiric Draining (safe; 1% risk of failure)
Confirm with . or Enter, or press ? or * to list all spells.
Aiming: Pain (safe; 0% risk of failure)
Press: ? - help, Shift-Dir - straight line, f - orc sorcerer
Aim: an orc sorcerer, wielding a +1 dagger of freezing and wearing a +2 robe of willpower (chance to affect: 35%)
The orc sorcerer easily resists.
The orc sorcerer points at you and mumbles some strange words.
The bolt of fire misses you.
Casting: Pain (safe; 0% risk of failure)
Confirm with . or Enter, or press ? or * to list all spells.
Casting: Anguish (mildly dangerous; 1% risk of failure)
Press: ? - help, Dir - look around, f - activate The orc sorcerer resists with some effort.
Casting: Anguish (mildly dangerous; 1% risk of failure)
Confirm with . or Enter, or press ? or * to list all spells.
Casting: Anguish (mildly dangerous; 1% risk of failure)
Press: ? - help, Dir - look around, f - activate The orc sorcerer is haunted by guilt!
Throw: 3 throwing nets
Press: ? - help, Q - select action, (/) - cycle Shift-Dir - straight line, f - orc sorcerer
Aim: an orc sorcerer, wielding a +1 dagger of freezing and wearing a +2 robe of willpower (anguished, 59% to hit)
You throw a throwing net. The throwing net hits the orc sorcerer.
The orc sorcerer is caught in the net!
The orc sorcerer struggles against the net.
Found 24 gold pieces.
The orc sorcerer struggles against the net.
Casting: Anguish (mildly dangerous; 1% risk of failure)
Confirm with . or Enter, or press ? or * to list all spells.
Aiming: Agony (safe; 1% risk of failure)
Press: ? - help, Shift-Dir - straight line, f/p - orc sorcerer
Aim: an orc sorcerer, wielding a +1 dagger of freezing and wearing a +2 robe of willpower (entangled in a net, anguished, chance to affect: 79%)
The orc sorcerer convulses!
The orc sorcerer points at you and mumbles some strange words.
The bolt of fire hits you!!! The fire burns you terribly!
Ouch! That really hurt!
You die...

##..#.##
,.....
##...#### *
,...##
#.....#.####
*, .#
##.........##
, ####.......#
, #.......## *
** #......##
##..##......#
#......@...##
* ≈
##....o....#
≈≈ *
#.#.......# **
≈
**........#..#
, .........#.#
*** .........
.. * *
......... ...
, , .......$..
... , , , ,,


You could see an orc sorcerer (caught, anguished).

Vanquished Creatures
  Gastronok (D:8)
  Harold (D:10)
  4 two-headed ogres
  A death knight (D:12)
  2 manticores
  A troll (D:11)
  6 slime creatures
  2 shadows (D:12)
  A vampire (D:12)
  Grum (D:7)
  8 yaks
  2 steam dragons
  3 orc warriors
  An ice beast (D:6)
  3 necrophages
  4 black bears (D:7)
  3 wolves
  2 sky beasts
  2 ogres
  5 centaurs
  8 bullfrogs
  A kobold brigand (D:11)
  2 gnoll sergeants
  2 scorpions
  A water moccasin skeleton (D:6)
  A wight (D:6)
  3 howler monkeys
  2 bullfrog zombies
  9 crimson imps (D:10)
  8 centaur zombies
  2 hounds
  3 jellies
  5 orc priests
  A bullfrog skeleton (D:5)
  A gnoll shaman (D:7)
  Ijyb (D:3)
  An iguana (D:4)
  7 orc wizards
  A hound skeleton (D:5)
  2 howler monkey zombies (D:8)
  A howler monkey skeleton (D:7)
  10 gnolls
  2 river rats (D:4)
  10 adders
  3 white imps
  3 ufetubi
  An adder skeleton (D:4)
  2 dart slugs (D:3)
  15 orcs
  7 ball pythons
  10 bats
  A bat zombie (D:4)
  6 endoplasms
  6 giant cockroaches
  12 goblins
  7 hobgoblins
  16 kobolds
  3 quokkas
  2 frilled lizards
  9 rats
  A rat zombie (D:4)
241 creatures vanquished.

Vanquished Creatures (collateral kills)
  An orc wizard (D:10)
  A gnoll (D:11)
2 creatures vanquished.

Vanquished Creatures (others)
  A boulder beetle (D:11)
  A two-headed ogre (D:9)
  A cyclops (D:12)
  A gargoyle (D:12)
  2 orc warriors (D:12)
  A kobold brigand (D:8)
  An orc wizard (D:10)
  2 kobolds (D:8)
  9 fungi (D:8)
  21 plants
40 creatures vanquished.

Grand Total: 283 creatures vanquished

Notes
Turn   | Place    | Note
-------+----------+-------------------------------------------
     0 | D:1      | Gabide the Mummy Necromancer began the quest for the Orb.
     0 | D:1      | Reached XP level 1. HP: 13/13 MP: 4/4
   232 | D:1      | Found a faded altar of an unknown god.
   270 | D:1      | Reached XP level 2. HP: 18/19 MP: 0/5
   769 | D:1      | Reached skill level 3 in Spellcasting
  1210 | D:2      | Reached XP level 3. HP: 25/25 MP: 2/7
  1656 | D:2      | Learned a level 3 spell: Vampiric Draining
  1842 | D:2      | Reached skill level 5 in Necromancy
  1949 | D:2      | Reached XP level 4. HP: 29/31 MP: 2/9
  1955 | D:2      | Learned a level 4 spell: Animate Dead
  2867 | D:3      | Noticed Ijyb
  4295 | D:3      | Killed Ijyb
  4296 | D:3      | Reached XP level 5. HP: 36/36 MP: 0/10
  4521 | D:4      | Reached skill level 1 in Fighting
  4721 | D:3      | Reached skill level 4 in Spellcasting
  5066 | D:4      | Noticed a necrophage
  5544 | D:4      | Reached XP level 6. HP: 43/43 MP: 11/13
  6283 | D:4      | Found a staircase to the Ecumenical Temple.
  6292 | Temple   | Entered the Ecumenical Temple
  6531 | Temple   | Became a worshipper of Ashenzari the Shackled
  7249 | D:4      | Reached skill level 5 in Spellcasting
  7551 | D:4      | Found an ancient bone altar of Kikubaaqudgha.
  7607 | D:5      | Entered Level 5 of the Dungeon
  8125 | D:5      | HP: 2/44 [ufetubus (4)]
  8136 | D:5      | Noticed a sky beast
  8142 | D:5      | Killed a sky beast
  8143 | D:5      | Reached skill level 1 in Short Blades
  8143 | D:5      | Reached XP level 7. HP: 18/51 MP: 1/15
  8602 | D:5      | Found Nuofaid's Weapon Emporium.
  9051 | D:5      | Reached skill level 6 in Spellcasting
  9063 | D:5      | Identified the +8 quarterstaff of Wu Jian's Inspiration
                  | {speed, Dex+6}
  9169 | D:5      | You fall into a shaft and drop 3 floors!
  9169 | D:8      | Noticed Grum
  9171 | D:8      | Noticed a two-headed ogre
  9572 | D:7      | Reached XP level 8. HP: 57/57 MP: 7/18
  9588 | D:7      | Learned a level 4 spell: Anguish
  9822 | D:7      | Reached skill level 7 in Spellcasting
  9828 | D:7      | Learned a level 5 spell: Agony
  9920 | D:7      | Reached * piety under Ashenzari
 10507 | D:6      | Reached skill level 8 in Spellcasting
 10798 | D:6      | Reached skill level 1 in Staves
 10953 | D:6      | Reached XP level 9. HP: 36/65 MP: 1/21
 11544 | D:6      | Reached skill level 9 in Spellcasting
 11783 | D:8      | HP: 3/66 [two-headed ogre/+0 giant spiked club (22)]
 12787 | D:5      | Identified Sif Muna's Incunabulum of Moulding
 12800 | D:5      | Found a shimmering blue altar of Sif Muna.
 12862 | D:5      | Found a bloodstained altar of Trog.
 14630 | D:7      | Killed Grum
 14703 | D:8      | Reached skill level 10 in Spellcasting
 15092 | D:8      | Reached ** piety under Ashenzari
 15134 | D:8      | Reached skill level 5 in Fighting
 15134 | D:8      | Noticed Gastronok
 15162 | D:8      | Killed Gastronok
 15163 | D:8      | Reached skill level 1 in Shields
 15163 | D:8      | Reached XP level 10. HP: 7/77 MP: 2/26
 15174 | D:8      | Found a transporter.
 15604 | D:8      | Reached skill level 11 in Spellcasting
 15610 | D:8      | Found the +1 cloak of Starlight {*Dazzle EV+4 Stlth--}
 15690 | D:8      | HP: 2/77 [slime creature (18)]
 16557 | D:8      | Killed a two-headed ogre
 17596 | D:7      | Reached skill level 10 in Necromancy
 18007 | D:9      | Reached skill level 12 in Spellcasting
 18931 | D:9      | Noticed a two-headed ogre
 18938 | D:9      | Killed a two-headed ogre
 19170 | D:9      | Noticed a two-headed ogre
 19175 | D:9      | Killed a two-headed ogre
 19176 | D:9      | Reached XP level 11. HP: 63/84 MP: 8/28
 19371 | D:10     | Entered Level 10 of the Dungeon
 20129 | D:10     | Reached skill level 5 in Dodging
 20497 | D:9      | Learned a level 2 spell: Corpse Rot
 20502 | D:9      | Learned a level 4 spell: Dispel Undead
 20509 | D:9      | Learned a level 6 spell: Death Channel
 21148 | D:10     | Noticed a two-headed ogre
 21154 | D:10     | Killed a two-headed ogre
 21545 | D:10     | Noticed Harold
 21555 | D:10     | Killed Harold
 21556 | D:10     | Reached skill level 13 in Spellcasting
 22166 | D:11     | Found Sidghoif's Assorted Antiques.
 22169 | D:11     | Bought a glowing cloak for 262 gold pieces
 22169 | D:11     | Bought a scroll labelled XEXUET UFAAXKY for 35 gold pieces
 22510 | D:11     | Noticed a seven-headed hydra
 22729 | D:11     | Noticed a boulder beetle
 22757 | D:11     | Killed a boulder beetle
 24773 | D:12     | Noticed a two-headed ogre
 24929 | D:8      | Found a staircase to the Lair.
 25236 | D:12     | Found Nustruta's Armour Shop.
 25262 | D:12     | Found a staircase to the Orcish Mines.
 25263 | D:12     | Noticed a death knight
 25275 | D:12     | Reached skill level 14 in Spellcasting
 25296 | D:12     | Noticed a two-headed ogre
 25782 | D:11     | Killed a two-headed ogre
 25866 | D:12     | Killed a death knight
 25867 | D:12     | Reached XP level 12. HP: 53/92 MP: 5/31
 26030 | D:12     | Found Xituy's Weapon Shop.
 26156 | Orc:1    | Entered Level 1 of the Orcish Mines
 26293 | Orc:1    | Killed from afar by an orc sorcerer

Illustrated notes

Levels and vault maps discovered:
D:1:      mrwooster_arrival_statue, layout_basic,
          hellmonk_ecumenical_altar_lost_god
D:2:      layout_loops_cross, serial_forest, infiniplex_forest_clump_double,
          infiniplex_forest_lined_1, infiniplex_forest_end_double,
          infiniplex_forest_clump_long, infiniplex_forest_lined_3,
          infiniplex_forest_lined_4_way
D:3:      layout_loops_corners, nicolae_underground_beach, uniq_ijyb
D:4:      layout_loops_ring, lemuel_zombie_altar_kikubaaqudgha,
          minmay_temple_entry_grid, portal_sewer_entry_b, st_stairs_4
D:5:      layout_rooms, nzn_overflow_gifts_of_might_and_magic, serial_shops,
          nicolae_shop_bloodbath_and_beyond, nicolae_ossuary_entry_monument
D:6:      minmay_recursive_quarters, layout_rooms, minivault_19
D:7:      layout_rooms
D:8:      gammafunk_beogh_shrine, layout_cave_pools,
          grunt_lair_entry_orc_guard_hut, grunt_ministairs_3, uniq_grum,
          uniq_gastronok
D:9:      layout_basic
D:10:     layout_roguey, minmay_misc_feat_doors, minmay_nine_imps, uniq_harold
D:11:     layout_gridville, serial_shops, nicolae_stop_n_shop_1
D:12:     layout_loops_ring, orc_david_3,
          nicolae_dithmenos_through_a_glass_darkly
Temple:   mainiacjoe_temple_bowtie_tessellation
Orc:1:    layout_caves, portal_ice_cave_entry_imps, nicolae_orc_lava_tube,
          minmay_orc_treasury

Skill      XL: |  1  2  3  4  5  6  7  8  9 10 11 |
---------------+----------------------------------+-----
Spellcasting   | 3 4 5 6 8 10 12 14 | 14.3
Necromancy     | 5 6 7 9 10 12 | 12.2
Dodging        | 2 3 4 5 |  5.7
Fighting       | 1 2 4 5 6 |  6.8
Short Blades   | 1 |  1.1
Staves         | 1 2 3 |  3.0
Stealth        | 2 |  2.6
Shields        | 1 |  1.3
Unarmed Combat | |  0.1
Hexes          | |  0.6

Action                   |  1- 3 |  4- 6 |  7- 9 | 10-12 || total
-------------------------+-------+-------+-------+-------++-------
Melee: Unarmed           |    36 |    35 |       |       ||    71
       Punch             |     1 |     5 |     1 |       ||     7
       Dagger            |       |   139 |    19 |       ||   158
       Quarterstaff      |       |       |   102 |    78 ||   180
Throw: Throwing net      |       |       |       |     4 ||     4
 Cast: Pain              |    77 |    82 |    59 |    48 ||   266
       Vampiric Draining |     1 |    19 |    78 |    88 ||   186
       Anguish           |       |       |     4 |    30 ||    34
       Agony             |       |       |     7 |    49 ||    56
       Animate Dead      |       |       |       |     4 ||     4
       Dispel Undead     |       |       |       |     7 ||     7
       Death Channel     |       |       |       |     7 ||     7
Invok: Curse Item        |       |       |     3 |     1 ||     4
Evoke: Wand              |       |       |       |     1 ||     1
  Use: Scroll            |     1 |     8 |     6 |     5 ||    20
 Stab: Distracted        |       |       |     1 |       ||     1
       Sleeping          |       |       |     3 |       ||     3
Armor: Robe              |    16 |    40 |    43 |    57 ||   156
Dodge: Dodged            |    43 |   116 |   164 |   192 ||   515
Block: Other             |       |    50 |    71 |    52 ||   173
       Reflection        |       |       |     2 |     2 ||     4
